[Event "*** Titled Tuesday Blitz"]
[Site "Chess.com"]
[Date "2020.05.05"]
[Round "5"]
[White "CalinGheorghiu"]
[Black "Ziachess74"]
[Result "0-1"]
[WhiteElo "2396"]
[BlackElo "2568"]
[TimeControl "180+1"]
[EndTime "10:55:19 PDT"]
[Termination "Ziachess74 won by resignation"]

1. d4 Nf6 2. c4 c5 3. d5 b5 4. Qc2 d6 5. e4 b4 6. a3 bxa3 7. Rxa3 g6 8. f4 Bg7 9. Nf3 O-O 10. Be2 Nxe4 11. Qxe4 Bf5 12. Qe3 Bxb1 13. O-O Bf5 14. Bd3 Bxd3 15. Qxd3 Nd7 16. f5 Qb6 17.
Rb3 Qa6 18. fxg6 fxg6 19. Ng5 Bd4+ 20. Be3 Ne5 21. Qe2 Rxf1+ 22. Kxf1 Rf8+ 23. Ke1 Qa1+ 24. Kd2 Bxe3+ 25. Kxe3 Qc1+ 0-1

[Event "*** Titled Tuesday Blitz"]
[Site "Chess.com"]
[Date "2020.05.05"]
[Round "5"]
[White "chesstrainer2042"]
[Black "Evgeny81"]
[Result "0-1"]
[WhiteElo "2431"]
[BlackElo "2669"]
[TimeControl "180+1"]
[EndTime "10:55:22 PDT"]
[Termination "Evgeny81 won by resignation"]

1. d4 e6 2. Bf4 Nf6 3. Nf3 c5 4. e3 d5 5. Nbd2 Nc6 6. Bb5 Bd6 7. Bg3 O-O 8. Bxc6 bxc6 9. O-O Bxg3 10. hxg3 Rb8 11.
b3 cxd4 12. exd4 c5 13. c3 Qa5 14. Qc2 Ba6 15. Rfe1 Rfc8 16. Qb2 cxd4 17. cxd4 Rc3 18.
Ne5 Rbc8 19. Rac1 h6 20. Kh2 Qc7 21. Qa3 Rxc1 22. Rxc1 Qxc1 23. Qxa6 Qc7 24. Ndf3 Ne4 25. b4 Nxf2 26. b5 Qc1 27. g4 Qh1+ 28. Kg3 0-1

[Event "*** Titled Tuesday Blitz"]
[Site "Chess.com"]
[Date "2020.05.05"]
[Round "5"]
[White "ninullia"]
[Black "francyIM"]
[Result "1-0"]
[WhiteElo "2456"]
[BlackElo "2634"]
[TimeControl "180+1"]
[EndTime "10:55:24 PDT"]
[Termination "ninullia won by resignation"]

1. d4 Nf6 2. c4 e6 3. Nf3 b6 4. g3 Ba6 5. b3 Bb4+ 6. Bd2 Be7 7.
Nc3 d5 8. Bg2 c6 9. cxd5 cxd5 10. O-O O-O 11. Ne5 Bb7 12. Rc1 a6 13. Na4 Nfd7 14.
f4 f5 15. Qc2 Nxe5 16. fxe5 Nc6 17. e3 Ba3 18. Rb1 Rc8 19. Qd3 b5 20. Nc3 Qb6 21.
Ne2 Bb4 22. Rbc1 a5 23. Nf4 Rfe8 24. Nxe6 Rxe6 25. Bxd5 Ne7 26. Rxc8+ Nxc8 27. Qxf5 1-0

[Event "*** Titled Tuesday Blitz"]
[Site "Chess.com"]
[Date "2020.05.05"]
[Round "5"]
[White "AVolodin"]
[Black "dianosky"]
[Result "1-0"]
[WhiteElo "2664"]
[BlackElo "2424"]
[TimeControl "180+1"]
[EndTime "10:55:24 PDT"]
[Termination "AVolodin won by resignation"]

1. d4 d5 2. c4 dxc4 3. Nf3 a6 4. a4 Nc6 5. e3 Na5 6. Bd2 Nb3 7. Ra2 Be6 8. Qc2 b5 9. Ng5 Bd7 10. Be2 c6 11. O-O e6 12. f4 Nf6 13. Be1 h6 14. Nf3 c5 15. Nbd2 cxd4 16. Nxb3 cxb3 17. Qxb3 bxa4 18. Rxa4 Bxa4 19. Qxa4+ Qd7 20. Qa5 Bd6 21. Ne5 Qc7 22. Qa4+ Nd7 23. Ba5 Qa7 24. Bb6 Qxb6 25. Qxd7+ 1-0

[Event "*** Titled Tuesday Blitz"]
[Site "Chess.com"]
[Date "2020.05.05"]
[Round "5"]
[White "InitiatingASC"]
[Black "bolence16"]
[Result "1-0"]
[WhiteElo "2325"]
[BlackElo "2147"]
[TimeControl "180+1"]
[EndTime "10:55:24 PDT"]
[Termination "InitiatingASC won by resignation"]

1. d4 Nf6 2. c4 g6 3. Nc3 d5 4.
Nf3 Bg7 5. Bf4 c5 6. e3 cxd4 7. exd4 O-O 8. Be2 Nc6 9. O-O Be6 10. c5 Ne4 11. Be3 Bf5 12. Qb3 Nxc3 13. bxc3 b6 14. Bb5 Na5 15. Qa3 bxc5 16. dxc5 e5 17. Rfd1 Be6 18. Ng5 Qc7 19. Nxe6 fxe6 20. Rab1 Rab8 21. Bf1 Rfd8 22. Rb4 Nc6 23. Rbb1 d4 24. Bg5 Rxb1 25. Bxd8 1-0

[Event "*** Titled Tuesday Blitz"]
[Site "Chess.com"]
[Date "2020.05.05"]
[Round "5"]
[White "Safar_From_Afar"]
[Black "Kildepiotr"]
[Result "0-1"]
[WhiteElo "2292"]
[BlackElo "2481"]
[TimeControl "180+1"]
[EndTime "10:55:25 PDT"]
[Termination "Kildepiotr won by resignation"]

1. e4 g6 2. d4 Bg7 3. Nc3 c6 4. Bc4 b5 5. Bb3 b4 6. Nce2 d5 7. exd5 cxd5 8. Nf3 Nf6 9. O-O O-O 10.
a3 bxa3 11. Rxa3 Nc6 12. h3 Ne4 13. Bf4 Bb7 14. c3 Na5 15. Ba2 e6 16. Re1 Qb6 17. Qc1 Rfc8 18. Ng3 Nxg3 19. Bxg3 Ba6 20. Ne5 Nc4 21.
Bxc4 Bxc4 22. Nxc4 Rxc4 23. Be5 Bxe5 24. Rxe5 Rb8 25.
Re2 Qxd4 26. Qa1 Qd3 27. Re3 Qd2 28. b4 d4 29. Ra2 dxe3 30. Rxd2 exd2 31. Qd1 Rd8 0-1

[Event "*** Titled Tuesday Blitz"]
[Site "Chess.com"]
[Date "2020.05.05"]
[Round "5"]
[White "Spring199"]
[Black "tan275"]
[Result "1-0"]
[WhiteElo "2358"]
[BlackElo "2184"]
[TimeControl "180+1"]
[EndTime "10:55:27 PDT"]
[Termination "Spring199 won by resignation"]

1. d4 Nf6 2. c4 e6 3. Nf3 d5 4. g3 dxc4 5. Bg2 c5 6. O-O Nc6 7.
dxc5 Qxd1 8. Rxd1 Bxc5 9. Nbd2 c3 10. bxc3 O-O 11. Nb3 Bb6 12. Nfd4 Bd7 13. Bg5 Nxd4 14.
Nxd4 Nd5 15. Rac1 Rac8 16. c4 Nb4 17. Be7 Nxa2 18. Rc2 Rfe8 19. Rxa2 Rxe7 20. Bxb7 Rxc4 21. Nf3 Bc8 22. Ne5 Rcc7 23. Rd8+ 1-0

[Event "*** Titled Tuesday Blitz"]
[Site "Chess.com"]
[Date "2020.05.05"]
[Round "5"]
[White "enriquetejedor"]
[Black "atwalcb"]
[Result "1-0"]
[WhiteElo "2470"]
[BlackElo "2234"]
[TimeControl "180+1"]
[EndTime "10:55:28 PDT"]
[Termination "enriquetejedor won by resignation"]

1. e4 d6 2. d4 Nf6 3. f3 e5 4. Ne2 c6 5. Be3 Nbd7 6. c4 a5 7.
Nbc3 Be7 8. g4 h6 9. h4 Qc7 10. Qd2 a4 11. Rc1 exd4 12. Nxd4 Ne5 13. Be2 Be6 14. Nxe6 fxe6 15. Kf1 Rf8 16. Kg2 Nfd7 17. Rcf1 O-O-O 18. f4 Ng6 19. g5 Qa5 20. h5 hxg5 21. hxg6 gxf4 22. Bxf4 e5 23. Nd5 Qxd2 24. Nxe7+ Kc7 25.
Bxd2 Nf6 26. Nf5 Nxe4 27. Be3 Rf6 28. Nh4 d5 29. Rxf6 Nxf6 30. cxd5 cxd5 31. Rc1+ Kb8 32. Bg5 Rd6 33. Nf5 Re6 34. Nxg7 Ne4 35. Nxe6 1-0

[Event "*** Titled Tuesday Blitz"]
[Site "Chess.com"]
[Date "2020.05.05"]
[Round "5"]
[White "mariangie523"]
[Black "manuellarrea"]
[Result "1-0"]
[WhiteElo "2047"]
[BlackElo "2189"]
[TimeControl "180+1"]
[EndTime "10:55:28 PDT"]
[Termination "mariangie523 won by resignation"]

1. e4 c5 2. Nf3 Nc6 3. d4 cxd4 4.
Nxd4 Nf6 5. f3 e5 6. Nb3 d5 7.
Bg5 d4 8. c3 h6 9. Bh4 Be6 10.
Bf2 dxc3 11. Nxc3 Bb4 12. Qxd8+ Rxd8 13. Bb5 O-O 14. Bxc6 bxc6 15. Bc5 Bxc5 16. Nxc5 Bc4 17. b3 Bd3 18. O-O-O Bb5 19. a4 1-0

[Event "*** Titled Tuesday Blitz"]
[Site "Chess.com"]
[Date "2020.05.05"]
[Round "5"]
[White "Nbk90"]
[Black "rogapa"]
[Result "1-0"]
[WhiteElo "2506"]
[BlackElo "2687"]
[TimeControl "180+1"]
[EndTime "10:55:29 PDT"]
[Termination "Nbk90 won by resignation"]

1. Nf3 d5 2. g3 e6 3. Bg2 Nf6 4. O-O Be7 5. d3 O-O 6. Nbd2 Nc6 7. e4 dxe4 8. Nxe4 Nxe4 9. dxe4 Qxd1 10. Rxd1 e5 11.
c3 Be6 12. Ng5 Bxg5 13. Bxg5 f6 14. Be3 Rfd8 15. f3 Rxd1+ 16. Rxd1 Bxa2 17. Rd7 Rd8 18.
Rxc7 Na5 19. Kf2 Rd1 20. Bf1 Rb1 21. b4 Rb2+ 22. Kg1 Nc6 23. Rxb7 Rb1 24. Kg2 Rb2+ 25. Bf2 h5 26. b5 Na5 27. Rxa7 Nc4 28. Rxa2 Ne3+ 29.
Kg1 Rxa2 30. Bxe3 1-0

[Event "*** Titled Tuesday Blitz"]
[Site "Chess.com"]
[Date "2020.05.05"]
[Round "5"]
[White "violetflower04"]
[Black "oneshot007"]
[Result "0-1"]
[WhiteElo "2207"]
[BlackElo "2407"]
[TimeControl "180+1"]
[EndTime "10:55:29 PDT"]
[Termination "oneshot007 won by resignation"]

1. b3 Nf6 2. Bb2 g6 3. Nf3 Bg7 4. e3 O-O 5. Be2 d6 6. O-O e5 7. d4 e4 8. Nfd2 Re8 9. c4 c6 10. Nc3 h5 11. d5 c5 12. h3 Bf5 13. g4 hxg4 14. hxg4 Nxg4 15. Bxg4 Qg5 16. Ncxe4 Bxe4 17.
Nxe4 Rxe4 18. f4 Qh4 19. Bxg7 Rxe3 20. Bf3 Kxg7 21. Qd2 Nd7 22. Qxe3 Qg3+ 0-1

[Event "*** Titled Tuesday Blitz"]
[Site "Chess.com"]
[Date "2020.05.05"]
[Round "5"]
[White "GracefulYear"]
[Black "Leonid_Starozhilov"]
[Result "0-1"]
[WhiteElo "2426"]
[BlackElo "2639"]
[TimeControl "180+1"]
[EndTime "10:55:31 PDT"]
[Termination "Leonid_Starozhilov won by checkmate"]

1. b3 d5 2. Bb2 Bg4 3. h3 Bf5 4. d3 h6 5. g3 e6 6. Bg2 Nf6 7. e3 a5 8. a4 Nbd7 9. Ne2 Be7 10. Nd2 c6 11. g4 Bh7 12. Ng3 Bd6 13. Ne2 Qc7 14.
Nc3 Nc5 15. O-O e5 16. d4 exd4 17. exd4 Ne6 18. Ne2 h5 19. f3 hxg4 20. fxg4 Bh2+ 21. Kh1 Nxg4 22. Rf3 Nf6 23. c4 Be4 24. Nxe4 dxe4 25. Re3 Bf4 26. Nxf4 Qxf4 27. Qe2 Ng4 28. Rc3 Qh2# 0-1

[Event "*** Titled Tuesday Blitz"]
[Site "Chess.com"]
[Date "2020.05.05"]
[Round "5"]
[White "Richarzard69"]
[Black "Doraemon7"]
[Result "0-1"]
[WhiteElo "2326"]
[BlackElo "2657"]
[TimeControl "180+1"]
[EndTime "10:55:33 PDT"]
[Termination "Doraemon7 won by checkmate"]

1. Nf3 d5 2. c4 c6 3. d4 Nf6 4. Qb3 g6 5. g3 Bg7 6. Bg2 O-O 7. O-O a6 8. Nc3 e6 9. Rd1 Nbd7 10. Ne5 Re8 11.
e4 dxe4 12. Nxe4 Nxe4 13. Bxe4 Qc7 14. Nxd7 Bxd7 15. Bf4 e5 16. dxe5 Bxe5 17. Bxe5 Rxe5 18. Bf3 Rae8 19. Kg2 h5 20. h4 Bf5 21. Rd2 Qe7 22.
Rad1 Bc8 23. Qc3 Kh7 24. Qd4 Qe6 25. Qf4 Qh3+ 26. Kg1 Re1+ 27. Rxe1 Rxe1# 0-1

[Event "*** Titled Tuesday Blitz"]
[Site "Chess.com"]
[Date "2020.05.05"]
[Round "5"]
[White "Enriquack"]
[Black "Boudicca64"]
[Result "0-1"]
[WhiteElo "2268"]
[BlackElo "1964"]
[TimeControl "180+1"]
[EndTime "10:55:33 PDT"]
[Termination "Boudicca64 won by resignation"]

1. e4 c5 2. Nf3 e6 3. d4 cxd4 4. Nxd4 Nf6 5. Bd3 d5 6. e5 Nfd7 7. Qe2 a6 8. O-O Nc6 9. Nxc6 bxc6 10. c4 Qc7 11. Re1 Be7 12. Nc3 O-O 13. Bf4 Nc5 14. Bc2 a5 15. Qh5 g6 16. Qh6 Re8 17. Rad1 Bf8 18.
Qh4 Ba6 19. cxd5 cxd5 20. Re3 Be7 21. Qh6 Bf8 22. Qh4 Be7 23. Qg4 Rab8 24. b3 Rb4 25.
Qg3 d4 26. Rf3 dxc3 0-1

[Event "*** Titled Tuesday Blitz"]
[Site "Chess.com"]
[Date "2020.05.05"]
[Round "5"]
[White "Justinz"]
[Black "AustrianFalcon"]
[Result "0-1"]
[WhiteElo "2340"]
[BlackElo "2502"]
[TimeControl "180+1"]
[EndTime "10:55:34 PDT"]
[Termination "AustrianFalcon won by resignation"]

1. e4 c5 2. Nf3 e6 3. d4 cxd4 4. Nxd4 Bc5 5. Nb3 Bb6 6. Nc3 Ne7 7. Qg4 O-O 8. Bg5 f6 9. Bh6 Ng6 10. Bd2 f5 11. exf5 Rxf5 12. f3 Nc6 13. h4 d5 14. O-O-O Bd7 15. h5 Nge5 16. Qh3 Rc8 17. Kb1 Na5 18. h6 g6 19. f4 Nec4 20. Bc1 Rh5 21.
Qxh5 gxh5 22. Rxh5 Qf6 23. Bd3 Be3 24. Rg5+ Kh8 25.
Nxa5 Bxc1 26. Nxc4 dxc4 27. Bxc4 Bxf4 28. Rg4 Rxc4 29.
Rxd7 Bxh6 30. a3 Rxg4 0-1

[Event "*** Titled Tuesday Blitz"]
[Site "Chess.com"]
[Date "2020.05.05"]
[Round "5"]
[White "White_Ghost"]
[Black "Echecmat"]
[Result "1-0"]
[WhiteElo "2469"]
[BlackElo "2203"]
[TimeControl "180+1"]
[EndTime "10:55:34 PDT"]
[Termination "White_Ghost won on time"]

1. d4 Nf6 2. c4 g6 3. g3 Bg7 4.
Bg2 O-O 5. Nc3 d6 6. Nf3 c6 7. O-O Qa5 8. e4 e5 9. h3 Nbd7 10. Be3 exd4 11. Nxd4 Ne5 12. Nb3 Qb4 13. c5 Be6 14.
cxd6 Bc4 15. Bc5 Bxb3 16. Bxb4 Bxd1 17. Rfxd1 Nfd7 18. Rac1 a5 19. Ba3 Nc4 20. Na4 Nxa3 21. bxa3 Rfd8 22. f4 b5 23. Nc5 Bb2 24. Rc2 Bxa3 25.
Nxd7 Rxd7 26. Rxc6 a4 27. e5 Rad8 28. Kf1 1-0

[Event "*** Titled Tuesday Blitz"]
[Site "Chess.com"]
[Date "2020.05.05"]
[Round "5"]
[White "RaphaeI"]
[Black "Andreikka"]
[Result "0-1"]
[WhiteElo "2643"]
[BlackElo "2953"]
[TimeControl "180+1"]
[EndTime "10:55:36 PDT"]
[Termination "Andreikka won by resignation"]

1. Nf3 d5 2. d4 Nf6 3. c4 e6 4. Nc3 Bb4 5. e3 O-O 6. Bd2 b6 7. cxd5 exd5 8. Rc1 Be7 9. Ne5 c5 10. Bd3 Bb7 11. O-O Nc6 12. Be1 c4 13. Bb1 a6 14. f4 b5 15. a3 Ne8 16. Qh5 g6 17.
Qh3 f5 18. g4 Ng7 19. Ne2 Qc8 20. gxf5 Nxf5 21. Kh1 Nxe5 22. fxe5 Ng3+ 0-1

[Event "*** Titled Tuesday Blitz"]
[Site "Chess.com"]
[Date "2020.05.05"]
[Round "5"]
[White "SiddharthGMJagadeesh"]
[Black "vovachesss"]
[Result "0-1"]
[WhiteElo "2402"]
[BlackElo "2575"]
[TimeControl "180+1"]
[EndTime "10:55:38 PDT"]
[Termination "vovachesss won by resignation"]

1. Nf3 d6 2. d4 Nf6 3. g3 g6 4.
Bg2 Bg7 5. O-O O-O 6. a4 c6 7. a5 Qc7 8. Nbd2 Bf5 9. Re1 Ne4 10.
c3 Nd7 11. Nh4 d5 12. Nxf5 gxf5 13. Nf3 e6 14. Bf4 Qc8 15. Nd2 c5 16. Nxe4 fxe4 17. Qa4 Qc6 18. Qxc6 bxc6 19. Bd6 cxd4 20. Bxf8 Kxf8 21. cxd4 Bxd4 22. Rac1 c5 23. Rc2 Rb8 24.
Rb1 Rb5 25. e3 Be5 26. Ra1 c4 27. Bf1 Rxb2 28. Rxb2 Bxb2 29. Rb1 c3 30. Bb5 c2 0-1

[Event "*** Titled Tuesday Blitz"]
[Site "Chess.com"]
[Date "2020.05.05"]
[Round "5"]
[White "Volodar_Murzin"]
[Black "elisak43"]
[Result "1-0"]
[WhiteElo "2638"]
[BlackElo "2425"]
[TimeControl "180+1"]
[EndTime "10:55:41 PDT"]
[Termination "Volodar_Murzin won by resignation"]

1. d4 Nf6 2. Nf3 e6 3. Bf4 d5 4. Nbd2 c5 5. e3 Bd6 6. Bg3 O-O 7. c3 Nc6 8. Bb5 Be7 9. O-O Bd7 10. Qe2 a6 11.
Bd3 Nh5 12. Rae1 Nxg3 13. hxg3 c4 14. Bc2 f5 15. Nh2 Bd6 16. f4 b5 17. g4 b4 18. gxf5 exf5 19. Nhf3 bxc3 20. bxc3 Qa5 21. Ne5 Qxc3 22. Nb1 Nxd4 23. Nxc3 Nxe2+ 24. Rxe2 Bxe5 25. fxe5 Rae8 26. Nxd5 Rxe5 27. Nc3 Rfe8 28. e4 Bc6 29. Rxf5 Rxf5 30. exf5 Rd8 31. Kf2 Kf7 32. g4 Kf6 33. Re6+ 1-0

[Event "*** Titled Tuesday Blitz"]
[Site "Chess.com"]
[Date "2020.05.05"]
[Round "5"]
[White "MightyGMpretender"]
[Black "Gareth-Bale11"]
[Result "0-1"]
[WhiteElo "2575"]
[BlackElo "2748"]
[TimeControl "180+1"]
[EndTime "10:55:43 PDT"]
[Termination "Gareth-Bale11 won by checkmate"]

1. Nf3 d5 2. g3 g6 3. Bg2 Bg7 4. O-O e5 5. d3 Ne7 6. e4 Nbc6 7. exd5 Nxd5 8. Nc3 Nb6 9. Re1 O-O 10. a3 a5 11. Be3 Nd4 12. Ne2 c5 13. c3 Ne6 14. a4 Nd5 15. Bd2 b6 16. Qc2 Bb7 17.
Rad1 Rc8 18. Bc1 Re8 19. b3 Qc7 20. Bb2 Qb8 21. Nd2 Rcd8 22. Nc4 Bc6 23. Qc1 Qb7 24. d4 Nxc3 25. Bxc6 Nxe2+ 26. Rxe2 Qxc6 27. dxe5 Rxd1+ 28. Qxd1 Ng5 29. Qd6 Nh3+ 30. Kf1 Qh1# 0-1

[Event "*** Titled Tuesday Blitz"]
[Site "Chess.com"]
[Date "2020.05.05"]
[Round "5"]
[White "MikaelyanArman"]
[Black "GHANDEEVAM2003"]
[Result "0-1"]
[WhiteElo "2738"]
[BlackElo "2887"]
[TimeControl "180+1"]
[EndTime "10:55:44 PDT"]
[Termination "GHANDEEVAM2003 won on time"]

1. e4 e6 2. d4 d5 3. Nc3 Nf6 4. Bg5 Bb4 5. e5 h6 6. Be3 Ne4 7. Qg4 g6 8. a3 Bxc3+ 9. bxc3 Nxc3 10.
Bd3 Qe7 11. Nf3 Bd7 12. Bd2 Na4 13. O-O c5 14. dxc5 Nxc5 15. Bb4 Nc6 16. Rab1 b6 17. Bxc5 Qxc5 18. c4 dxc4 19. Bxc4 O-O 20. Rb5 Nxe5 21. Rxc5 Nxg4 22. Rc7 Nf6 23. Ne5 Rfc8 24. Nxd7 Rxc7 25.
Nxf6+ Kg7 0-1

[Event "*** Titled Tuesday Blitz"]
[Site "Chess.com"]
[Date "2020.05.05"]
[Round "5"]
[White "chegueps"]
[Black "HarutyunianTigranK"]
[Result "0-1"]
[WhiteElo "2528"]
[BlackElo "2713"]
[TimeControl "180+1"]
[EndTime "10:55:45 PDT"]
[Termination "HarutyunianTigranK won on time"]

1. e4 e5 2. Nf3 Nc6 3. Bb5 a6 4. Ba4 Nf6 5. O-O Be7 6. d3 b5 7. Bb3 d6 8. a3 O-O 9. Nc3 Nb8 10.
h3 Nbd7 11. Nd5 Nc5 12. Ba2 Be6 13. b4 Bxd5 14. Bxd5 Nxd5 15. exd5 Nd7 16. c4 Nb6 17. Qc2 f5 18. Bb2 Qd7 19. Qb3 e4 20. c5 exf3 21. cxb6 fxg2 22. Rfe1 cxb6 23. Re6 Rac8 24. Rae1 Bh4 25.
Ba1 Qc7 26. Kxg2 f4 27. Qd1 f3+ 28. Kh1 Qf7 29. Rg1 g6 30. Qd2 Qf5 0-1

[Event "*** Titled Tuesday Blitz"]
[Site "Chess.com"]
[Date "2020.05.05"]
[Round "5"]
[White "Jadeit90"]
[Black "Charlottemillard17"]
[Result "1-0"]
[WhiteElo "2381"]
[BlackElo "1428"]
[TimeControl "180+1"]
[EndTime "10:55:45 PDT"]
[Termination "Jadeit90 won by checkmate"]

1. e4 e5 2. Nc3 Bc5 3. Nf3 d6 4.
d4 exd4 5. Nxd4 Nf6 6. Nb3 Bb6 7.
Bd3 O-O 8. O-O h6 9. h3 Nc6 10. Qe2 Re8 11. Be3 Bd7 12. Bxb6 axb6 13. Rae1 Nb4 14.
a3 Nxd3 15. cxd3 Bc6 16. f4 Nd7 17. Nd4 Ba4 18. Nf5 Bc6 19. Qg4 Qf6 20. Ne2 Kh7 21. Ned4 g6 22. e5 dxe5 23. fxe5 Rxe5 24. Ne3 Qd6 25.
Rxf7+ Kg8 26. Nc4 Qd5 27. Qxg6+ Kh8 28. Qh7# 1-0

[Event "*** Titled Tuesday Blitz"]
[Site "Chess.com"]
[Date "2020.05.05"]
[Round "5"]
[White "CraiggoryC"]
[Black "WildTricks"]
[Result "0-1"]
[WhiteElo "2106"]
[BlackElo "2477"]
[TimeControl "180+1"]
[EndTime "10:55:47 PDT"]
[Termination "WildTricks won on time"]

1. e4 e5 2. Nc3 Nc6 3. g3 Nf6 4. Bg2 Bc5 5. Nge2 d6 6. O-O h5 7. Na4 h4 8. c3 hxg3 9. hxg3 Bg4 10. Nxc5 dxc5 11. f3 Bh3 12. d3 Qd7 13. Rf2 O-O-O 14. Be3 Bxg2 15. Rxg2 Qxd3 16. Qxd3 Rxd3 17. Kf2 b6 18. g4 Rh3 19. Ng3 g6 20. Rh1 Rxh1 21.
Nxh1 Rd1 22. Rg1 Rxg1 23. Kxg1 Na5 24. b3 c4 25. b4 Nb7 26. Nf2 Kd7 27. Nh3 Nd6 28.
a4 a5 29. bxa5 bxa5 30. Kf2 Nfe8 31. Bc5 Ng7 32. Ng5 f6 33. Nh7 Ke7 34. g5 Ne8 35.
gxf6+ Nxf6 36. Nxf6 Kxf6 37. Bxd6 cxd6 38. Kg3 Kg5 39.
f4+ exf4+ 40. Kf3 Kf6 41. Kxf4 Ke6 42. Kf3 Ke5 43. Ke3 g5 44. Kf3 g4+ 45. Kxg4 Kxe4 0-1

[Event "*** Titled Tuesday Blitz"]
[Site "Chess.com"]
[Date "2020.05.05"]
[Round "5"]
[White "Cocaino74"]
[Black "arminmusovic"]
[Result "0-1"]
[WhiteElo "2347"]
[BlackElo "2505"]
[TimeControl "180+1"]
[EndTime "10:55:48 PDT"]
[Termination "arminmusovic won by checkmate"]

1. e4 c6 2. d4 d5 3. exd5 cxd5 4. Bd3 Nc6 5. c3 Nf6 6. Bf4 g6 7. Nf3 Bg7 8. Nbd2 O-O 9. O-O Re8 10. Re1 Nd7 11.
Rc1 e6 12. h4 f6 13. h5 Nf8 14. c4 Bd7 15. cxd5 exd5 16. Rxe8 Bxe8 17. h6 Bh8 18. Qb3 Qd7 19. Ne4 Na5 20. Qa3 dxe4 21. Bxe4 Nc6 22. d5 Ne5 23. Bxe5 fxe5 24. Qc3 Qd6 25. Ng5 Bd7 26. Qf3 Bf6 27. Qg3 Rc8 28. Rd1 Rc4 29.
Bd3 Rd4 30. Nxh7 Kxh7 31. Bxg6+ Nxg6 32. Rxd4 Kxh6 33. Rd3 Bf5 34. Rf3 Be4 35. Qh2+ Kg7 36. Rh3 Qxd5 37. Rh7+ Kg8 38. Rc7 Qd1# 0-1

[Event "*** Titled Tuesday Blitz"]
[Site "Chess.com"]
[Date "2020.05.05"]
[Round "5"]
[White "DrVitman"]
[Black "Sven_Tica"]
[Result "1-0"]
[WhiteElo "2512"]
[BlackElo "2700"]
[TimeControl "180+1"]
[EndTime "10:55:50 PDT"]
[Termination "DrVitman won by resignation"]

1. e4 c5 2. Nc3 Nc6 3. Bb5 Nd4 4. Nf3 Nxb5 5. Nxb5 d6 6. d4 a6 7. Nc3 cxd4 8.
Qxd4 e5 9. Qd3 h6 10. b3 Nf6 11. Ba3 Be6 12. O-O-O Qa5 13. Bb2 Be7 14. Kb1 Qc5 15. Qe2 Rc8 16. Ne1 O-O 17. Nd3 Qa5 18. Qd2 Rfe8 19.
f4 exf4 20. Nxf4 Ng4 21. h3 Ne5 22. Ncd5 Qxd2 23. Nxe7+ Rxe7 24. Rxd2 g5 25. Nh5 f5 26.
Rxd6 Nf7 27. Nf6+ Kf8 28. Rb6 Rc6 29. Rxc6 bxc6 30. exf5 Bxf5 31. Ba3 1-0

[Event "*** Titled Tuesday Blitz"]
[Site "Chess.com"]
[Date "2020.05.05"]
[Round "5"]
[White "EvgenyRomanov"]
[Black "PSvidler"]
[Result "0-1"]
[WhiteElo "2647"]
[BlackElo "3038"]
[TimeControl "180+1"]
[EndTime "10:55:53 PDT"]
[Termination "PSvidler won by resignation"]

1. e4 c5 2. Nf3 e6 3. b3 a6 4.
Bb2 Nc6 5. Qe2 Nf6 6. e5 Nd5 7.
g3 b5 8. Bg2 Bb7 9. O-O Be7 10.
c4 bxc4 11. bxc4 Nb6 12. Nc3 Rb8 13. Rab1 O-O 14. Ne4 Nb4 15. a3 Bxe4 16. Qxe4 Nc6 17. h4 h6 18. d3 Qc7 19. Bc1 Na4 20. Rxb8 Rxb8 21. Re1 Rb1 22. d4 Nc3 23. Qc2 cxd4 24. Nxd4 Nxd4 25. Qxc3 Bc5 26. Be4 Rb3 27. Qd2 Rxg3+ 28.
Kf1 Rg4 29. Bb2 Qb6 30. Rb1 Rxe4 0-1

[Event "*** Titled Tuesday Blitz"]
[Site "Chess.com"]
[Date "2020.05.05"]
[Round "5"]
[White "KuzubovYuriy"]
[Black "Megagigahiper3345"]
[Result "0-1"]
[WhiteElo "2740"]
[BlackElo "2528"]
[TimeControl "180+1"]
[EndTime "10:55:54 PDT"]
[Termination "Megagigahiper3345 won by resignation"]

1. e4 c5 2. Nf3 d6 3. c3 Nf6 4. h3 Nbd7 5. Bd3 b6 6. O-O Bb7 7. Re1 Qc7 8. Bc2 Rc8 9. a4 a6 10. Na3 e6 11. d3 Be7 12. Bf4 Ne5 13. Nh2 Ng6 14. Bg3 O-O 15. f4 e5 16. f5 Nf4 17.
Nf3 Rfe8 18. Nc4 Nd7 19. Ne3 Bf6 20. Bb3 b5 21. axb5 axb5 22. Bxf4 exf4 23. Nd5 Bxd5 24. Bxd5 Nb6 25. Qb3 c4 26. Qxb5 cxd3 27. Qxd3 Qc5+ 28. Kh2 Nxd5 29. Qxd5 Qf2 30. Ra7 Qxa7 0-1

[Event "*** Titled Tuesday Blitz"]
[Site "Chess.com"]
[Date "2020.05.05"]
[Round "5"]
[White "Apocalyps999"]
[Black "cstevens1"]
[Result "1-0"]
[WhiteElo "2430"]
[BlackElo "2606"]
[TimeControl "180+1"]
[EndTime "10:55:56 PDT"]
[Termination "Apocalyps999 won by resignation"]

1. e4 c5 2. Nf3 e6 3. d4 cxd4 4. Nxd4 a6 5. Nc3 Qc7 6. Be2 Nf6 7. O-O Nc6 8. Kh1 h5 9. f4 Nxd4 10. Qxd4 Bc5 11. Qd3 b5 12. Be3 Bb7 13. e5 Ng4 14. Bxc5 Qxc5 15. Ne4 Bxe4 16. Qxe4 Rc8 17. Bxg4 hxg4 18. f5 g3 19. h3 Qxc2 20. Qg4 exf5 21.
Qxg3 O-O 22. Qg5 Qxb2 23. Rae1 Rc6 24. Qxf5 Re6 25. Rf2 Qc3 26. Re4 Qd3 27. Rf3 Qb1+ 28. Kh2 d6 29. Rg3 dxe5 30. Rxg7+ Kxg7 31. Rg4+ Rg6 32. Rxg6+ fxg6 33. Qxb1 1-0

[Event "*** Titled Tuesday Blitz"]
[Site "Chess.com"]
[Date "2020.05.05"]
[Round "5"]
[White "mortngabriel"]
[Black "martabartel"]
[Result "0-1"]
[WhiteElo "2452"]
[BlackElo "2297"]
[TimeControl "180+1"]
[EndTime "10:55:56 PDT"]
[Termination "martabartel won on time"]

1. d4 g6 2. e4 Bg7 3. Nf3 c6 4. Nc3 d5 5. h3 dxe4 6. Nxe4 Nd7 7. Bc4 Ngf6 8. Nxf6+ Nxf6 9. O-O O-O 10. Re1 Bf5 11. c3 Qc7 12. Ne5 c5 13. Bf4 Qb6 14.
dxc5 Qxc5 15. Bb3 Rad8 16. Bxf7+ Kh8 17. Qb3 Ne4 18. Qb4 Qxf2+ 19. Kh1 Qxf4 20. Qxe7 Qxe5 21. Qxb7 Qg3 22. Bd5 Be5 0-1

[Event "*** Titled Tuesday Blitz"]
[Site "Chess.com"]
[Date "2020.05.05"]
[Round "5"]
[White "ChelsieMonica"]
[Black "Munkhzul_Turmunkh"]
[Result "1-0"]
[WhiteElo "2349"]
[BlackElo "2511"]
[TimeControl "180+1"]
[EndTime "10:55:57 PDT"]
[Termination "ChelsieMonica won by resignation"]

1. c4 e5 2. Nc3 Nf6 3. e3 Nc6 4. Nf3 Bb4 5. a3 Be7 6. d4 d6 7. Be2 O-O 8. O-O Bf5 9. b4 e4 10. Nd2 Re8 11. b5 Nb8 12. g4 Bg6 13. g5 Nfd7 14.
Ndxe4 Bxg5 15. Nxg5 Qxg5+ 16. Kh1 Qh4 17. Bf3 c6 18. e4 Nf6 19. Qe2 Nxe4 20. Nxe4 Bxe4 21. Bxe4 Rxe4 22. Qf3 Nd7 23. bxc6 bxc6 24. Rg1 h6 25. Bxh6 Rae8 26. Bxg7 Kh7 27. Qf5+ 1-0

[Event "*** Titled Tuesday Blitz"]
[Site "Chess.com"]
[Date "2020.05.05"]
[Round "5"]
[White "Danfii"]
[Black "chesslh19"]
[Result "1-0"]
[WhiteElo "2332"]
[BlackElo "2152"]
[TimeControl "180+1"]
[EndTime "10:55:57 PDT"]
[Termination "Danfii won by resignation"]

1. e4 c5 2. Nf3 d6 3. d4 cxd4 4.
Nxd4 Nf6 5. Nc3 e6 6. g4 h6 7. h4 Nc6 8. Rg1 d5 9. exd5 Nxd5 10. Nxd5 exd5 11. Be3 Qxh4 12. Qf3 Nxd4 13. Bxd4 Qe7+ 14.
Be2 Qe4 15. O-O-O Qxf3 16. Bxf3 Be6 17. Rge1 O-O-O 18. g5 hxg5 19. Bxa7 Rh4 20. Bb6 Rd7 21.
Bxd5 Rb4 22. Rxe6 Rxd5 23. Re8+ Kd7 24. Rd8+ Kc6 25. R1xd5 Be7 26. R8d7 Rxb6 27. Rd3 Bf6 28. Rxf7 Rxb2 29. Rxf6+ gxf6 30. Kxb2 1-0